 Dungeon Crawl Stone Soup version 0.31-a0-819-gf6de2f5ab6 (webtiles) character file.

Game seed: 8049243405020256808

9040 quinnr the Zephyrmancer (level 11, -14/64 HPs)
             Began as a Tengu Venom Mage on Sept 23, 2023.
             Was a Believer of Sif Muna.
             Demolished by Snorg (29 damage)
             ... on level 10 of the Dungeon.
             The game lasted 00:25:18 (12675 turns).

quinnr the Zephyrmancer (Tengu Venom Mage)         Turns: 12675, Time: 00:25:18

Health: -14/64     AC:  2    Str: 13    XL:     11   Next: 40%
Magic:  10/21      EV: 32    Int: 22    God:    Sif Muna [**....]
Gold:   559        SH:  0    Dex: 15    Spells: 8/22 levels left

rFire   . . .        r - +7 short sword "Ofru Wonuer" {heavy, rC+ Str+4 Int+3}
rCold   + . .        (no shield)
rNeg    . . .        a - +0 robe
rPois   .            (helmet restricted)
rElec   .            (no cloak)
rCorr   +            (no gloves)
SInv    .            (boots unavailable)
Will    .....        (no amulet)
Stlth   ++           Y - +4 ring of slaying
HPRegen 0.30/turn    R - ring of resist corrosion
MPRegen 0.17/turn

%: acrobat
@: acrobatic, flying
A: beak, talons 3, evasive flight, acrobatic
a: Renounce Religion, Channel Magic


You were on level 10 of the Dungeon.
You worshipped Sif Muna.
Sif Muna was pleased with you.
You visited 2 branches of the dungeon, and saw 11 of its levels.

You collected 559 gold pieces.


Innate Abilities, Weirdness & Mutations

You have a beak for a mouth.
You have claws for feet.
Your magical flight helps you evade attacks. (EV +4)
You can magically evade attacks while moving or waiting.


   Skills:
 - Level 6.0 Fighting
 - Level 3.0 Short Blades
 - Level 3.0 Dodging
 - Level 3.0 Stealth
 - Level 6.0 Spellcasting
 - Level 3.0 Conjurations
 - Level 5.0 Summonings
 - Level 0.7 Transmutations
 - Level 11.0 Air Magic
 - Level 9.0 Poison Magic
 + Level 4.3 Invocations
 + Level 4.5 Evocations


You had 8 spell levels left.
You knew the following spells:

 Your Spells              Type           Power      Damage    Failure   Level
l - Summon Lightning Spi  Summ/Air       41%        N/A       3%          4
m - Mephitic Cloud        Conj/Pois/Air  40%        N/A       1%          3
o - Olgreb's Toxic Radia  Pois           46%        N/A       2%          4
p - Poisonous Vapours     Pois/Air       100%       N/A       1%          2
z - Sting                 Tmut/Pois      100%       1d8       1%          1

Your spell library contained the following spells:

 Spells                   Type           Power      Damage    Failure   Level
 Static Discharge         Conj/Air       74%        2-6/arc   1%          2
 Airstrike                Air            26%        2d(4-20)  1%          4
 Freeze                   Ice            24%        1d4       9%          1
 Lesser Beckoning         Tloc           12%        N/A       14%         2
 Dazzling Flash           Conj/Hex       26%        N/A       14%         3
 Hailstorm                Conj/Ice       13%        3d5       14%         3
 Frozen Ramparts          Ice            12%        1d2       26%         3
 Gell's Gravitas          Tloc           6%         N/A       26%         3
 Ozocubu's Armour         Ice            6%         N/A       26%         3
 Teleport Other           Tloc           6%         N/A       26%         3
 Volatile Blastmotes      Fire/Tloc      12%        2d11      26%         3
 Starburst                Conj/Fire      6%         6d4       100%        6
 Ozocubu's Refrigeration  Ice            3%         4d8       100%        7
 Maxwell's Capacitive Co  Air            26%        ∞         100%        8

Inventory:

Hand Weapons
 i - a +0 dagger of chaos
 r - the +7 short sword "Ofru Wonuer" (weapon) {heavy, rC+ Str+4 Int+3}
   (You found it on level 5 of the Dungeon)

   Str+4:     It affects your strength (+4).
   Int+3:     It affects your intelligence (+3).
   rC+:       It protects you from cold.
Missiles
 w - 2 throwing nets {=f}
Armour
 a - a +0 robe (worn)
Jewellery
 x - an amulet of magic regeneration
 D - a +6 ring of dexterity
 R - a ring of resist corrosion (right hand)
 Y - a +4 ring of slaying (left hand)
Wands
 j - a wand of quicksilver (10)
 s - a wand of iceblast (9)
 u - a wand of flame (31)
 y - a wand of charming (10)
Scrolls
 c - 6 scrolls of teleportation {@r2}
 f - a scroll of poison
 h - 2 scrolls of noise {unknown}
 m - 5 scrolls of revelation {unknown}
 t - 3 scrolls of vulnerability {unknown}
 z - a scroll of enchant armour {unknown}
 A - a scroll of fear {unknown}
 B - a scroll of immolation
Potions
 b - a potion of magic
 d - 2 potions of cancellation
 e - 6 potions of curing {@q1}
 g - 3 potions of attraction
 k - a potion of heal wounds {@q2}
 l - a potion of might
 n - a potion of mutation
 o - a potion of resistance
 p - a potion of berserk rage {unknown}
 q - a potion of brilliance {unknown}
 v - 3 potions of haste {unknown}

Dungeon Overview and Level Annotations

Branches:
Dungeon (10/15)            Temple (1/1) D:5            Lair (0/5) D:8
    Orc: D:9-12

Altars:
Ashenzari
Cheibriados
Dithmenos
Elyvilon
Fedhas
Gozag
Hepliaklqana
Kikubaaqudgha
Makhleb
Nemelex Xobeh
Okawaru
Ru
Sif Muna
Trog
Uskayaw
Vehumet
Wu Jian
Xom
Yredelemnul
Zin
The Shining One

Shops:
D:1 *

Annotations:
D:5 1 runed translucent door, omnomnOMINOUS's ghost, amateur OpWn
D:10 2 transporters, Snorg; Sundig's ghost, novice DgFi

#<# .▒▒▒.▒▒ #...▒ #
##.▒▒#.# #. ### #.▒
.. #.. #.. #.▒
.###.# #.#
#.▒#...#.. #.#
#.▒$#.#.#.
#.########.▒).# .#
#T@.......©▒©.#.#.#
#8.#######.▒?.#...#
#..# #.▒(#.#.#.
#..# #.▒#...#..
.... #.▒#.###.#
##..# #.▒#...#..
##.# #.▒▒#.# #y #.#
#..▒▒#▒▒▒#
#.####..▒▒▒.▒▒


You could see Snorg (berserk, very poisoned, ally target) and a friendly
lightning spire (summoned).


Message History

Okay, then.
Aiming: Quicksilver Bolt
Press: ? - help, Shift-Dir - straight line, p - Snorg The bolt of dispelling energy hits Snorg!!
Snorg is lightly wounded.
Snorg completely misses you. Snorg misses you. Snorg closely misses you.
Your lightning spire shoots out a bolt of lightning at Snorg!
The bolt of electricity misses Snorg.
The bolt of electricity hits Snorg!
The bolt of electricity hits your lightning spire. x2
Unknown command.
Unknown command.
Unknown command.
You closely miss Snorg. Your kick misses Snorg.
Snorg is moderately wounded.
Snorg closely misses you. Snorg misses you. Snorg completely misses you. x2
Snorg claws you but does no damage. Snorg closely misses you. Snorg bites you!
Snorg claws you! Snorg claws you.
Unknown command.
Unknown command.
Snorg bites you!
* * * LOW HITPOINT WARNING * * *
Snorg misses you. Snorg claws you!
* * * LOW HITPOINT WARNING * * *
Unknown command.
Unknown command.
Snorg attacks as she pursues you! Snorg misses you.
Snorg completely misses you. Snorg misses you.
Unknown command.
Snorg bites you!!
You die...

Skill      XL: |  1  2  3  4  5  6  7  8  9 10 11 |
---------------+----------------------------------+-----
Air Magic      | 1 2 3 4 6 9 11 | 11.0
Poison Magic   | 4 5 7 9 |  9.0
Summonings     | 1 3 4 5 |  5.0
Fighting       | 1 2 5 6 |  6.0
Dodging        | 3 |  3.0
Stealth        | 3 |  3.0
Spellcasting   | 3 4 5 6 |  6.0
Short Blades   | 1 3 |  3.0
Conjurations   | 3 |  3.0
Invocations    | 1 4 |  4.3
Evocations     | 1 4 |  4.5
Transmutations | |  0.7

Action                     |  1- 3 |  4- 6 |  7- 9 | 10-12 || total
---------------------------+-------+-------+-------+-------++-------
  Melee: Unarmed           |    18 |       |       |       ||    18
         Kick              |     8 |     7 |    10 |    11 ||    36
         Peck              |     5 |     3 |     7 |     4 ||    19
         Dagger            |    13 |    38 |    27 |       ||    78
         Punch             |       |     2 |       |     1 ||     3
         Short sword       |       |       |    17 |    28 ||    45
   Cast: Sting             |    34 |    26 |    19 |    16 ||    95
         Poisonous Vapours |    24 |    68 |    88 |    35 ||   215
         Summon Lightning  |       |     1 |    24 |    14 ||    39
         Mephitic Cloud    |       |       |     7 |     4 ||    11
         Olgreb's Toxic Ra |       |       |     6 |    21 ||    27
  Evoke: Wand              |       |     1 |       |     2 ||     3
    Use: Scroll            |     2 |     5 |     2 |     4 ||    13
   Stab: Sleeping          |       |     1 |       |       ||     1
         Confused          |       |       |     2 |       ||     2
 Armour: Robe              |     8 |    29 |    32 |    30 ||    99
  Dodge: Dodged            |    38 |    39 |    82 |    72 ||   231

Levels and vault maps discovered:
D:1:      doesnt_arrival_eight_statues, layout_basic, serial_shops, shop,
          st_stairs_7
D:2:      layout_rooms, basic_altar, minmay_misc_feat_columns, minmay_puff
D:3:      cheibrodos_thug_alley, layout_basic, nicolae_qazlal_eye_of_the_storm
D:4:      layout_basic, chequers_temple_overflow_statue_of_worship,
          elyvilon_altar_5
D:5:      layout_basic, grunt_temple_overflow_holy_war,
          minmay_temple_entry_butterflies, gammafunk_ghost_grave, minivault_24,
          uniq_ijyb, uniq_eustachio, uniq_blork_the_orc
D:6:      layout_cave_pods, hangedman_decor_riveting,
          kennysheep_generic_room_11, uniq_menkaure
D:7:      layout_cave_pods, uniq_jeremiah
D:8:      layout_loops_ring, due_lair_maze_entry_diamond,
          dreamdust_mushroom_princess, uniq_psyche
D:9:      layout_loops_ring, kennysheep_dice
D:10:     layout_loops_ring, special_room [special_room_bee],
          gammafunk_ghost_hive, hangedman_stone_soup, chequers_mini_garden,
          uniq_nergalle, uniq_snorg, uniq_grum
Temple:   regret_index_temple_waves

Notes
Turn   | Place    | Note
-------+----------+-------------------------------------------
     0 | D:1      | quinnr the Tengu Venom Mage began the quest for the Orb.
     0 | D:1      | Reached XP level 1. HP: 10/10 MP: 4/4
    39 | D:1      | Reached XP level 2. HP: 10/15 MP: 0/6
   102 | D:1      | Learned a level 2 spell: Poisonous Vapours
   613 | D:1      | Reached skill level 1 in Air Magic
   621 | D:1      | Reached skill level 4 in Poison Magic
   621 | D:1      | Reached XP level 3. HP: 19/19 MP: 2/7
  1000 | D:1      | Found Anwackufe's Assorted Antiques.
  1408 | D:2      | Found a shadowy altar of Dithmenos.
  1420 | D:2      | Reached skill level 2 in Air Magic
  1716 | D:2      | Reached XP level 4. HP: 13/24 MP: 1/8
  2083 | D:2      | Learned a level 4 spell: Summon Lightning Spire
  2381 | D:3      | Identified a potion of resistance
  2838 | D:4      | Noticed a bullfrog
  2846 | D:4      | Killed a bullfrog
  2847 | D:4      | Reached skill level 1 in Summonings
  2847 | D:4      | Reached XP level 5. HP: 28/28 MP: 1/9
  2926 | D:4      | Reached skill level 1 in Fighting
  2926 | D:4      | Reached skill level 3 in Air Magic
  3323 | D:4      | Reached skill level 3 in Dodging
  3427 | D:4      | Reached XP level 6. HP: 34/34 MP: 2/10
  3499 | D:4      | Found a white marble altar of Elyvilon.
  3505 | D:4      | Learned a level 3 spell: Mephitic Cloud
  3610 | D:4      | Reached skill level 3 in Stealth
  3610 | D:4      | Reached skill level 2 in Summonings
  3873 | D:4      | Reached skill level 4 in Air Magic
  3958 | D:4      | Reached skill level 3 in Spellcasting
  4112 | D:4      | Found a bloodstained altar of Trog.
  4142 | D:4      | Found an ancient bone altar of Kikubaaqudgha.
  4405 | D:4      | Reached skill level 3 in Summonings
  4535 | D:4      | Found an opulent altar of Gozag.
  4573 | D:5      | Entered Level 5 of the Dungeon
  4597 | D:5      | Gained mutation: Your magical flight helps you evade
                  | attacks. (EV +4) [Tengu growth]
  4597 | D:5      | Reached XP level 7. HP: 38/38 MP: 2/13
  4841 | D:5      | Noticed Eustachio
  4851 | D:5      | Killed Eustachio
  4852 | D:5      | Reached skill level 4 in Summonings
  4852 | D:5      | Reached skill level 5 in Air Magic
  5001 | D:5      | Reached skill level 4 in Spellcasting
  5074 | D:5      | Reached skill level 6 in Air Magic
  5099 | D:5      | Reached XP level 8. HP: 43/43 MP: 7/15
  5173 | D:5      | Reached skill level 7 in Air Magic
  5285 | D:5      | Found a glowing golden altar of the Shining One.
  5288 | D:5      | Found a basalt altar of Yredelemnul.
  5391 | D:5      | Learned a level 4 spell: Olgreb's Toxic Radiance
  5461 | D:5      | Reached skill level 8 in Air Magic
  5562 | D:5      | Reached skill level 9 in Air Magic
  5678 | D:5      | Identified the +7 short sword "Ofru Wonuer" {heavy, rC+
                  | Str+4 Int+3}
  5796 | D:5      | Found a staircase to the Ecumenical Temple.
  5834 | Temple   | Entered the Ecumenical Temple
  5853 | Temple   | Became a worshipper of Sif Muna the Loreminder
  5933 | D:5      | Noticed Blork the orc
  5941 | D:5      | Killed Blork the orc
  6122 | D:5      | Noticed Ijyb
  6128 | D:5      | Killed Ijyb
  6129 | D:5      | Reached skill level 2 in Fighting
  6502 | D:5      | Found a runed translucent door.
  6502 | D:5      | Noticed omnomnOMINOUS's ghost (amateur OpWn)
  6548 | D:5      | Noticed an angel
  6665 | D:6      | Reached skill level 5 in Poison Magic
  6713 | D:6      | Reached skill level 1 in Short Blades
  6713 | D:6      | Reached XP level 9. HP: 49/49 MP: 11/17
  7135 | D:6      | Reached skill level 3 in Fighting
  7139 | D:6      | Reached skill level 2 in Short Blades
  7461 | D:6      | Reached skill level 5 in Spellcasting
  7507 | D:6      | Reached * piety under Sif Muna
  7508 | D:6      | Reached skill level 10 in Air Magic
  7925 | D:7      | Reached skill level 3 in Short Blades
  8157 | D:6      | Reached skill level 4 in Fighting
  8157 | D:6      | Reached skill level 6 in Poison Magic
  8531 | D:6      | Noticed Menkaure
  8545 | D:6      | Killed Menkaure
  8973 | D:7      | Noticed Jeremiah
  8979 | D:7      | Killed Jeremiah
  8980 | D:7      | Reached skill level 5 in Fighting
  8980 | D:7      | Reached skill level 11 in Air Magic
  8980 | D:7      | Reached skill level 7 in Poison Magic
  8980 | D:7      | Reached XP level 10. HP: 59/59 MP: 9/18
  9192 | D:7      | Reached skill level 1 in Conjurations
  9822 | D:8      | Reached skill level 2 in Conjurations
 10196 | D:7      | Reached skill level 3 in Conjurations
 10421 | D:8      | Reached skill level 6 in Fighting
 10424 | D:8      | Reached skill level 6 in Spellcasting
 10440 | D:8      | Reached skill level 8 in Poison Magic
 10573 | D:8      | Noticed Psyche
 10577 | D:8      | Killed Psyche
 10591 | D:8      | Reached skill level 9 in Poison Magic
 10602 | D:8      | Reached ** piety under Sif Muna
 10610 | D:8      | Reached skill level 5 in Summonings
 10610 | D:8      | Reached skill level 1 in Invocations
 10646 | D:8      | Reached skill level 1 in Evocations
 10763 | D:8      | Found a staircase to the Lair.
 10852 | D:8      | Reached XP level 11. HP: 64/64 MP: 19/21
 11273 | D:9      | Reached skill level 2 in Invocations
 11502 | D:10     | Entered Level 10 of the Dungeon
 11672 | D:9      | Reached skill level 2 in Evocations
 11898 | D:9      | Noticed a six-headed hydra
 11906 | D:9      | Killed a six-headed hydra
 11907 | D:9      | Reached skill level 3 in Invocations
 11907 | D:9      | Reached skill level 3 in Evocations
 12430 | D:10     | Noticed Grum
 12436 | D:10     | Noticed Sundig's ghost (novice DgFi)
 12442 | D:10     | Killed Grum
 12451 | D:10     | Reached skill level 4 in Evocations
 12460 | D:10     | Noticed a two-headed ogre
 12482 | D:10     | Reached skill level 4 in Invocations
 12482 | D:10     | Killed a two-headed ogre
 12651 | D:10     | Found a transporter.
 12656 | D:10     | Found a transporter.
 12666 | D:10     | Noticed Snorg
 12675 | D:10     | Demolished by Snorg

Vanquished Creatures
  A two-headed ogre (D:10)
  A wyvern (D:9)
  Eustachio (D:5)
  11 yaks
  A steam dragon (D:7)
  3 water moccasins
  An orc warrior (D:6)
  An ice beast (D:6)
  3 black bears
  A sky beast (D:8)
  3 ogres
  A wolf (D:10)
  2 centaurs
  A kobold brigand (D:9)
  Blork the orc (D:5)
  A bullfrog (D:4)
  5 scorpions
  2 killer bees (D:5)
  3 howler monkeys
  An electric eel (D:9)
  4 hounds
  7 orc priests
  2 iguanas (D:4)
  A sleepcap (D:6)
  19 orc wizards
  3 gnolls
  11 adders
  2 white imps (D:7)
  A worm (D:3)
  2 dart slugs
  43 orcs
  3 bats
  9 endoplasms
  2 giant cockroaches
  6 hobgoblins
  18 kobolds
  3 quokkas
  3 ball pythons
  3 frilled lizards
  5 goblins
  4 rats
195 creatures vanquished.

Vanquished Creatures (collateral kills)
  A hydra (D:9)
  Psyche (D:8)
  Jeremiah (D:7)
  Grum (D:10)
  Menkaure (D:6)
  4 water moccasins
  An ice beast (D:7)
  3 orc warriors
  An ogre (D:5)
  2 wolves (D:10)
  A centaur (D:9)
  4 bullfrogs
  A gnoll sergeant (D:6)
  4 killer bees (D:5)
  A nameless horror (D:9)
  A jelly (D:8)
  An orc priest (D:5)
  A sleepcap (D:5)
  Ijyb (D:5)
  3 orc wizards (D:9)
  5 gnolls
  9 orcs
  A kobold (D:9)
49 creatures vanquished.

Vanquished Creatures (others)
  An orc (D:5)
1 creature vanquished.

Grand Total: 245 creatures vanquished

Table legend: (Time is in decaauts)
 A = Elapsed time spent in this place.
 B = Non-inter-level travel time spent in this place.
 C = Inter-level travel time spent in this place.
 D = Time resting spent in this place.
 E = Time spent auto-exploring this place.
 F = Levels seen in this place.
 G = Mean time per level.
                   A        B        C        D        E       F      G
               +--------+--------+--------+--------+--------+-----+--------+
         Total |  12698 |  12195 |    503 |   1402 |   8738 |  11 | 1154.4 |
       Dungeon |  12660 |  12177 |    483 |   1402 |   8738 |  10 | 1266.0 |
        Temple |     38 |     19 |     19 |      0 |      0 |   1 |   38.0 |
               +--------+--------+--------+--------+--------+-----+--------+

Top non-repeatable levels by time:
     D:5: 2068 daAuts
     D:6: 1940 daAuts
     D:7: 1820 daAuts
     D:4: 1765 daAuts
     D:9: 1271 daAuts
     D:1: 1170 daAuts
     D:2: 891 daAuts
     D:8: 808 daAuts
     D:3: 750 daAuts
    D:10: 172 daAuts
  Temple: 38 daAuts

Table legend:
 A = Non-vault XP
 B = Vault XP
 C = Vault XP percentage of total XP
 D = Non-vault monster count
 E = Vault monster count
 F = Vault count percentage of total count
                 A         B        C        D         E       F
            +---------+---------+-------+---------+---------+-------
      Total |    8522 |    4393 |  34.0 |     209 |      34 |  14.0
            +---------+---------+-------+---------+---------+-------
        D:1 |      34 |      16 |  32.0 |      21 |       2 |   8.7
        D:2 |      35 |       2 |   5.4 |      14 |       1 |   6.7
        D:3 |      19 |      10 |  34.5 |       9 |       7 |  43.8
        D:4 |     498 |       0 |   0.0 |      29 |       0 |   0.0
        D:5 |    1252 |     330 |  20.9 |      35 |       3 |   7.9
        D:6 |    1475 |     377 |  20.4 |      35 |       3 |   7.9
        D:7 |    1474 |     400 |  21.3 |      24 |       2 |   7.7
        D:8 |    1770 |    1657 |  48.4 |      13 |      10 |  43.5
        D:9 |     829 |    1068 |  56.3 |      24 |       2 |   7.7
       D:10 |    1136 |     533 |  31.9 |       5 |       4 |  44.4
            +---------+---------+-------+---------+---------+-------

Levels and vault maps discovered:
D:1:      doesnt_arrival_eight_statues, layout_basic, serial_shops, shop,
          st_stairs_7
D:2:      layout_rooms, basic_altar, minmay_misc_feat_columns, minmay_puff
D:3:      cheibrodos_thug_alley, layout_basic, nicolae_qazlal_eye_of_the_storm
D:4:      layout_basic, chequers_temple_overflow_statue_of_worship,
          elyvilon_altar_5
D:5:      layout_basic, grunt_temple_overflow_holy_war,
          minmay_temple_entry_butterflies, gammafunk_ghost_grave, minivault_24,
          uniq_ijyb, uniq_eustachio, uniq_blork_the_orc
D:6:      layout_cave_pods, hangedman_decor_riveting,
          kennysheep_generic_room_11, uniq_menkaure
D:7:      layout_cave_pods, uniq_jeremiah
D:8:      layout_loops_ring, due_lair_maze_entry_diamond,
          dreamdust_mushroom_princess, uniq_psyche
D:9:      layout_loops_ring, kennysheep_dice
D:10:     layout_loops_ring, special_room [special_room_bee],
          gammafunk_ghost_hive, hangedman_stone_soup, chequers_mini_garden,
          uniq_nergalle, uniq_snorg, uniq_grum
Temple:   regret_index_temple_waves
